 Dungeon Crawl Stone Soup version 0.31-a0-246-g8cbcc1cb85 (webtiles) character file.

Game seed: 13294660715573836439

92 qw the Shooter (level 4, -2/26 HPs)
             Began as a Gargoyle Hexslinger on July 12, 2023.
             Slain by a gnoll
             ... wielding a +0 flail
              (4 damage)
             ... on level 2 of the Dungeon.
             The game lasted 00:00:49 (1417 turns).

qw the Shooter (Gargoyle Hexslinger)                Turns: 1417, Time: 00:00:49

Health: -2/26      AC:  8    Str: 10 (11) XL:     4   Next: 60%
Magic:  5/5        EV: 10    Int: 12 (14) God:
Gold:   112        SH:  0    Dex: 13 (14) Spells: 4/5 levels left

rFire   . . .        Y - +2 sling
rCold   . . .        (no shield)
rNeg    + . .        j - +0 ring mail
rPois   inf          (no helmet)
rElec   +            (no cloak)
rCorr   .            (no gloves)
SInv    .            (no boots)
Will    .....        (no amulet)
Stlth   +            (no ring)
HPRegen 0.24/turn    (no ring)
MPRegen 0.09/turn

%: no passive effects
@: no status effects
A: sickness immunity, AC +3, negative energy resistance 1, electricity
resistance, torment resistance 1, petrification resistance
a: no special abilities


You were on level 2 of the Dungeon.
You visited 1 branch of the dungeon, and saw 3 of its levels.

You collected 112 gold pieces.


Innate Abilities, Weirdness & Mutations

You are immune to sickness and miasma.
Your stone body is resilient. (AC +3)
You are immune to poison.
You resist negative energy. (rN+)
You are resistant to electric shocks. (rElec)
You are resistant to unholy torment.
You are immune to petrification.


   Skills:
 - Level 2.0 Fighting
 + Level 4.1 Ranged Weapons
 - Level 1.2 Armour
 - Level 1.5 Dodging
 - Level 1.0 Spellcasting
 - Level 2.6 Hexes


You had 4 spell levels left.
You knew the following spells:

 Your Spells              Type           Power      Damage    Failure   Level
a - Slow                  Hex            28%        N/A       26%         1

Your spell library contained the following spells:

 Spells                   Type           Power      Damage    Failure   Level
 Inner Flame              Hex/Fire       3%         N/A       78%         3
 Portal Projectile        Hex/Tloc       6%         N/A       78%         3
 Cause Fear               Hex            3%         N/A       94%         4

Inventory:

Hand Weapons
 Y - a +2 sling (weapon)
Armour
 j - a +0 ring mail (worn)
Potions
 b - a potion of magic {unknown}
 c - a potion of mutation {unknown}
 g - a potion of brilliance {unknown}
 k - a potion of curing
 l - a potion of might

Dungeon Overview and Level Annotations

Branches:
Dungeon (3/15)

Altars:
Makhleb


Message History

Enter note:
Enter note:
Enter note:
Enter note:
Enter note:
Enter note:
Enter note:
Enter note:
Enter note: You start resting.
HP restored.
Done exploring.
(D) Dungeon
Where to? (* - list waypoints, Enter - D:3, ? - help)
What level of the Dungeon? (default 1, ? - help)
You climb downwards.
The gnoll barely misses you. The gnoll hits you with a +0 flail!
There is a stone staircase leading up here.
1411 ||| STAIRDANCE The gnoll hits you with a +0 flail.
The gnoll barely misses you.
You climb upwards.
There is a stone staircase leading down here.
You shoot a sling bullet.
The sling bullet closely misses the gnoll.
The gnoll hits you with a +0 flail. The gnoll hits you but does no damage.
You shoot a sling bullet. The sling bullet hits the gnoll.
The gnoll is lightly wounded.
The gnoll barely misses you. The gnoll hits you with a +0 club.
You shoot a sling bullet.
The sling bullet hits the gnoll but does no damage.
The gnoll is lightly wounded.
The gnoll closely misses you. The gnoll misses you.
The gnoll barely misses you. The gnoll hits you with a +0 club.
You shoot a sling bullet. The sling bullet hits the gnoll.
The gnoll is moderately wounded.
The gnoll hits you with a +0 flail. The gnoll barely misses you.
You shoot a sling bullet.
The sling bullet closely misses the gnoll.
The gnoll hits you with a +0 flail.
You die...

#.#.##.##.# #....#
####...#...#.# #########....#
.....#..###..###............#
##..##.#...#.#...#######....#
##....##.##...### #....#
######..#.#....# #....#
.........#...#.# #####.####
####.#..###..#.#####...#.# ##
#.....#...#.g@g.....#.#
.#####..#.#..#######.....#
..<###%##.##.## ##%#.##
.#.....#...#..# ##.#.#
...##...###...# ##..#.#
##...).#...#..## ##..##.#
##...#.##.##...###..##..#
........###......#.###.##
.###.##.......##...###.#


You could see 2 gnolls.

Vanquished Creatures
  An adder (D:2)
  2 gnolls (D:3)
  2 dart slugs (D:2)
  2 orcs (D:3)
  8 endoplasms
  4 giant cockroaches
  3 goblins
  6 hobgoblins
  2 kobolds
  4 quokkas
  6 ball pythons
  2 bats
  5 frilled lizards
  6 rats
53 creatures vanquished.

Notes
Turn   | Place    | Note
-------+----------+-------------------------------------------
     0 | D:1      | qw the Gargoyle Hexslinger began the quest for the Orb.
     0 | D:1      | Reached XP level 1. HP: 12/12 MP: 2/2
     0 | D:1      | 0 ||| qw: Version: 0.3-a-52-g30416fa
     0 | D:1      | 0 ||| qw: Game counter: 6208
     0 | D:1      | 0 ||| qw: Melee chars always use a shield: true
     0 | D:1      | 0 ||| qw: God list: Okawaru
     0 | D:1      | 0 ||| qw: Allow faded altars: false
     0 | D:1      | 0 ||| qw: Do Orc after clearing Dungeon:15 true
     0 | D:1      | 0 ||| qw: Do second Lair branch before Depths: true
     0 | D:1      | 0 ||| qw: Lair rune preference: random
     0 | D:1      | 0 ||| qw: Goals: Normal
     0 | D:1      | 0 ||| PLANNING D:1-11
    89 | D:1      | Reached XP level 2. HP: 16/16 MP: 3/3
   163 | D:1      | Reached skill level 3 in Ranged Weapons
   243 | D:1      | Found a faded altar of an unknown god.
   386 | D:1      | Reached XP level 3. HP: 21/21 MP: 4/4
   547 | D:1      | 547 ||| UPGRADING to +0 leather armour.
   557 | D:1      | 557 ||| DROPPING +0 robe.
   558 | D:1      | 558 ||| UPGRADING to +0 ring mail.
   568 | D:1      | 568 ||| DROPPING +0 leather armour.
   569 | D:1      | 569 ||| READING scroll labelled ROLLUGR LEHO.
   570 | D:1      | 570 ||| READING scroll labelled FECIBB OD SUA.
   571 | D:1      | 571 ||| READING scroll labelled RIEBUEPLEU.
   572 | D:1      | 572 ||| DRINKING 2 viscous sapphire potions.
   573 | D:1      | 573 ||| DROPPING scroll of poison.
   707 | D:2      | 707 ||| FLEEEEING.
   708 | D:2      | 708 ||| FLEEEEING.
   709 | D:2      | 709 ||| FLEEEEING.
   710 | D:2      | 710 ||| FLEEEEING.
   711 | D:2      | 711 ||| FLEEEEING.
   712 | D:2      | 712 ||| FLEEEEING.
   843 | D:2      | Found a burning altar of Makhleb.
   884 | D:2      | Reached XP level 4. HP: 26/26 MP: 5/5
  1054 | D:2      | Reached skill level 4 in Ranged Weapons
  1176 | D:2      | 1176 ||| READING scroll labelled ULOGU OCUGG.
  1177 | D:2      | 1177 ||| READING scroll labelled DORPHE HOMIATAL.
  1178 | D:2      | 1178 ||| DRINKING 2 murky brown potions.
  1179 | D:2      | 1179 ||| DRINKING 2 lumpy coppery potions.
  1187 | D:2      | 1187 ||| DRINKING 2 green potions.
  1188 | D:2      | 1188 ||| DROPPING potion of degeneration.
  1189 | D:2      | 1189 ||| DROPPING potion of ambrosia.
  1303 | D:3      | HP: 5/26 [gnoll/+0 spear (3)]
  1306 | D:3      | Reached skill level 1 in Armour
  1310 | D:3      | HP: 2/26 [gnoll/+0 spear (4)]
  1314 | D:3      | 1314 ||| FLEEEEING.
  1315 | D:3      | 1315 ||| FLEEEEING.
  1316 | D:3      | 1316 ||| FLEEEEING.
  1317 | D:3      | 1317 ||| FLEEEEING.
  1318 | D:3      | 1318 ||| FLEEEEING.
  1319 | D:3      | 1319 ||| FLEEEEING.
  1320 | D:3      | 1320 ||| FLEEEEING.
  1321 | D:3      | 1321 ||| FLEEEEING.
  1322 | D:3      | 1322 ||| FLEEEEING.
  1323 | D:3      | 1323 ||| FLEEEEING.
  1324 | D:3      | 1324 ||| FLEEEEING.
  1325 | D:3      | 1325 ||| FLEEEEING.
  1326 | D:3      | 1326 ||| FLEEEEING.
  1327 | D:3      | 1327 ||| FLEEEEING.
  1328 | D:3      | 1328 ||| FLEEEEING.
  1329 | D:3      | 1329 ||| FLEEEEING.
  1330 | D:3      | 1330 ||| FLEEEEING.
  1331 | D:3      | 1331 ||| FLEEEEING.
  1332 | D:3      | 1332 ||| FLEEEEING.
  1333 | D:3      | 1333 ||| FLEEEEING.
  1334 | D:3      | 1334 ||| FLEEEEING.
  1335 | D:3      | 1335 ||| FLEEEEING.
  1336 | D:3      | 1336 ||| STAIRDANCE
  1411 | D:3      | 1411 ||| STAIRDANCE
  1415 | D:2      | HP: 6/26 [gnoll/+0 club (6)]
  1416 | D:2      | HP: 2/26 [gnoll/+0 flail (4)]
  1417 | D:2      | Slain by a gnoll

Levels and vault maps discovered:
D:1:      dpeg_arrival_tiny_d, layout_loops_ring,
          hellmonk_ecumenical_altar_run_dry, minmay_split_cup_large
D:2:      layout_rooms, basic_altar, minmay_ruptured
D:3:      layout_loops_cross, nemelex_spade_bored_becter, ebering_ghost_sewer_f

Skill      XL: |  1  2  3  4 |
---------------+-------------+-----
Ranged Weapons | 3 4 |  4.1
Fighting       | 2 |  2.0
Armour         | 1 |  1.2
Dodging        | |  1.5
Spellcasting   | |  1.0
Hexes          | |  2.6

Action                     |  1- 3 |  4- 6 || total
---------------------------+-------+-------++-------
   Fire: Sling             |   126 |    56 ||   182
    Use: Scroll            |     3 |     2 ||     5
         Potion            |     1 |     3 ||     4
 Armour: Robe              |     8 |       ||     8
         Ring mail         |    17 |    19 ||    36
  Dodge: Dodged            |    34 |    37 ||    71

Table legend:
 A = Non-vault XP
 B = Vault XP
 C = Vault XP percentage of total XP
 D = Non-vault monster count
 E = Vault monster count
 F = Vault count percentage of total count
                 A         B        C        D         E       F
            +---------+---------+-------+---------+---------+-------
      Total |     124 |       8 |   6.1 |      48 |       5 |   9.4
            +---------+---------+-------+---------+---------+-------
        D:1 |      33 |       6 |  15.4 |      20 |       4 |  16.7
        D:2 |      55 |       2 |   3.5 |      23 |       1 |   4.2
        D:3 |      36 |       0 |   0.0 |       5 |       0 |   0.0
            +---------+---------+-------+---------+---------+-------
